 Dungeon Crawl Stone Soup version 0.30-a0-374-g95c0257040 (webtiles) character file.

Game seed: 11157073785272137795

1475 Sabo the Chopper (level 8, -2/61 HPs)
             Began as a Demonspawn Berserker on Nov 26, 2022.
             Was a Priest of Trog.
             Killed from afar by a steam dragon (14 damage)
             ... with a ball of steam
             ... on level 6 of the Dungeon.
             The game lasted 00:31:33 (5837 turns).

Sabo the Chopper (Demonspawn Berserker)             Turns: 5837, Time: 00:31:34

Health: -2/61      AC: 16    Str: 20    XL:     8   Next: 49%
Magic:  8/8        EV: 16    Int:  9    God:    Trog [***...]
Gold:   323        SH:  5    Dex: 12    Spells: 7/7 levels left

rFire   . . .      SeeInvis .    u - +0 war axe
rCold   . . .      Faith    .    (no shield)
rNeg    + . .      Spirit   .    r - +0 plate armour
rPois   .          Reflect  +    g - +0 helmet
rElec   .          Harm     .    (no cloak)
rCorr   .          Rampage  .    (no gloves)
Will    .....                    E - +0 pair of boots
Stlth   ..........               x - amulet of reflection
HPRegen 0.30/turn                c - ring of positive energy
MPRegen 0.11/turn                k - +4 ring of evasion

@: agile
A: thin metallic scales 1, powered by pain 1, spiny 1, weakness stinger 2
a: Renounce Religion, Berserk, Trog's Hand


You were on level 6 of the Dungeon.
You worshipped Trog.
Trog was most pleased with you.
You visited 1 branch of the dungeon, and saw 6 of its levels.
You also visited: Sewer.

You collected 323 gold pieces.

Inventory:

Hand Weapons
 u - a +0 war axe (weapon)
 z - a +0 glaive
 A - a +2 morningstar of holy wrath
 C - a +1 vampiric hand axe
Missiles
 a - 5 poisoned darts
 o - 8 boomerangs (quivered)
Armour
 g - a +0 helmet (worn)
 r - a +0 plate armour (worn)
 E - a +0 pair of boots (worn)
Jewellery
 c - a ring of positive energy (left hand)
 k - a +4 ring of evasion (right hand)
 x - an amulet of reflection (around neck)
Wands
 n - a wand of polymorph (7)
 v - a wand of charming (9)
Scrolls
 b - 3 scrolls of fear
 d - 3 scrolls of butterflies
 f - 7 scrolls of teleportation
 m - a scroll of poison {unknown}
 p - a scroll of enchant armour {unknown}
 q - a scroll of blinking {unknown}
 s - a scroll of magic mapping
 w - a scroll of noise {unknown}
 y - a scroll of summoning {unknown}
 B - a scroll of enchant weapon {unknown}
 D - a scroll of vulnerability {unknown}
Potions
 e - 2 potions of haste {unknown}
 h - a potion of heal wounds
 i - a potion of invisibility {unknown}
 j - 2 potions of resistance {unknown}
 l - 2 potions of curing {unknown}
 t - a potion of lignification {unknown}


   Skills:
 + Level 4.7 Fighting
 + Level 6.8 Axes
 + Level 1.5 Throwing
 + Level 5.3 Armour
 + Level 2.7 Dodging
 + Level 1.3 Stealth
 + Level 1.9 Shields
 + Level 0.6 Unarmed Combat


You had 7 spell levels left.
You didn't know any spells.
Your spell library was empty.

Dungeon Overview and Level Annotations

Branches:
Dungeon (6/15)              Sewer (visited)
 Temple: D:4-7

Altars:
Fedhas
Nemelex Xobeh
Sif Muna
Xom

Shops:
D:1 =   D:5 [*!*


Innate Abilities, Weirdness & Mutations

You are partially covered in thin metallic scales. (AC +2)
You sometimes gain a little power by taking damage.
You are partially covered in sharp spines.
You have a tail ending in a sharp stinger.


Message History

The steam dragon claws you but does no damage.
You hit the steam dragon.
The steam dragon is moderately wounded.
You are engulfed in a cloud of scalding steam.
The steam dragon bites you but does no damage.
The steam dragon claws you but does no damage.
You hit the steam dragon.
The steam dragon is heavily wounded.
You are engulfed in a cloud of scalding steam.
A white imp comes into view.
The steam dragon is struck by your spines.
The steam dragon closely misses you.
The steam dragon claws you but does no damage.
You hit the steam dragon but do no damage.
The steam dragon is severely wounded.
The steam dragon is struck by your spines.
The steam dragon closely misses you. You block the steam dragon's attack.
The steam dragon breathes steam at you. The ball of steam misses you.
You hear a shout!
You hit the steam dragon.
The steam dragon is almost dead.
You are engulfed in a cloud of scalding steam.
The steam dragon breathes steam at you. The ball of steam hits you!!
* * * LOW HITPOINT WARNING * * *
You focus on the pain.
You feel agile all of a sudden.
You feel much better.
You are engulfed in a cloud of scalding steam.
The steam dragon bites you.
* * * LOW HITPOINT WARNING * * *
The steam dragon claws you.
* * * LOW HITPOINT WARNING * * *
You closely miss the steam dragon.
The steam dragon is almost dead.
You are engulfed in a cloud of scalding steam.
The steam dragon breathes steam at you. The ball of steam hits you!
You die...

#..........######
###.########
..#.# ####
#.#.##..... #
#.#.......# ..
#.#.##.##.#
#.#.##....#.#
....<.5..§..#
......D@§§###
..#.####§#####.#
.D #.......# .
#.####### ..#
#.## #. .. #.


You could see a steam dragon (catching breath) and a white imp.

Vanquished Creatures
  Pikel (D:5)
  Grinder (D:5)
  An ice beast (D:5)
  A black bear (D:4)
  An ogre (D:4)
  A phantom (D:4)
  2 scorpions (D:5)
  An orc priest (D:5)
  2 hounds (D:5)
  An iguana (D:5)
  A hell rat (Sewer)
  11 adders
  3 river rats
  A white imp (D:6)
  An ufetubus (D:4)
  A worm (D:3)
  5 dart slugs
  12 orcs
  9 endoplasms
  4 goblins
  9 hobgoblins
  4 jackals (D:2)
  3 quokkas
  6 ball pythons
  3 bats
  3 kobolds
  11 rats
99 creatures vanquished.

Vanquished Creatures (others)
  7 plants (D:4)
7 creatures vanquished.

Grand Total: 106 creatures vanquished

Notes
Turn   | Place    | Note
-------+----------+-------------------------------------------
     0 | D:1      | Sabo the Demonspawn Berserker began the quest for the Orb.
     0 | D:1      | Reached XP level 1. HP: 18/18 MP: 1/1
   223 | D:1      | Found a faded altar of an unknown god.
   368 | D:1      | Reached skill level 3 in Axes
   446 | D:1      | Gained mutation: You are partially covered in thin metallic
                  | scales. (AC +2) [demonic ancestry]
   446 | D:1      | Reached XP level 2. HP: 24/24 MP: 2/2
   733 | D:1      | Found Huexamom's Jewellery Shoppe.
  1172 | D:2      | Reached XP level 3. HP: 20/29 MP: 3/3
  1637 | D:2      | Reached ** piety under Trog
  1961 | D:2      | Reached skill level 1 in Stealth
  2100 | D:2      | Reached XP level 4. HP: 35/35 MP: 4/4
  2513 | D:3      | Reached skill level 4 in Axes
  2739 | D:3      | Found a glowing drain.
  2745 | Sewer    | Entered a sewer
  2764 | Sewer    | Gained mutation: You have a small tail. [demonic ancestry]
  2764 | Sewer    | Reached XP level 5. HP: 29/41 MP: 5/5
  3852 | D:4      | Noticed a black bear
  3869 | D:4      | Killed a black bear
  3870 | D:4      | Gained mutation: You have a tail ending in a sharp stinger.
                  | [demonic ancestry]
  3870 | D:4      | Reached XP level 6. HP: 48/48 MP: 6/6
  4041 | D:4      | Found a shimmering altar of Xom.
  4042 | D:4      | Found a shimmering altar of Xom.
  4044 | D:4      | Found a shimmering altar of Xom.
  4070 | D:4      | Found a shimmering altar of Xom.
  4072 | D:4      | Found a shimmering altar of Xom.
  4140 | D:4      | Reached *** piety under Trog
  4193 | D:4      | Reached skill level 5 in Axes
  4862 | D:5      | Entered Level 5 of the Dungeon
  4863 | D:5      | Noticed Pikel
  4956 | D:5      | Gained mutation: You sometimes gain a little power by
                  | taking damage. [demonic ancestry]
  4956 | D:5      | Reached XP level 7. HP: 33/54 MP: 7/7
  5054 | D:5      | Noticed Grinder
  5070 | D:5      | Killed Grinder
  5071 | D:5      | Reached skill level 1 in Shields
  5073 | D:5      | Reached skill level 6 in Axes
  5280 | D:5      | Found Podghup's Distillery.
  5281 | D:5      | Found Hyrasol's General Store.
  5282 | D:5      | Found Meocurip's Armour Shop.
  5283 | D:5      | Found Wiugor's Assorted Antiques.
  5538 | D:5      | Killed Pikel
  5539 | D:5      | Reached skill level 1 in Throwing
  5539 | D:5      | Reached skill level 5 in Armour
  5539 | D:5      | Gained mutation: You are partially covered in sharp spines.
                  | [demonic ancestry]
  5539 | D:5      | Reached XP level 8. HP: 61/61 MP: 8/8
  5691 | D:5      | Found a sparkling altar of Nemelex Xobeh.
  5763 | D:5      | Found a shimmering blue altar of Sif Muna.
  5763 | D:5      | Found a blossoming altar of Fedhas.
  5837 | D:6      | Killed from afar by a steam dragon

Illustrated notes

Levels and vault maps discovered:
D:1:      nzn_arrival_water_spiral, layout_basic, basic_ecumenical_altar,
          serial_shops, nicolae_shop_behind_doors
D:2:      layout_basic
D:3:      layout_loops_ring, lightli_sewer_entry_pipes
D:4:      minmay_door_path, layout_basic, xom_redecorated, serial_forest,
          infiniplex_forest_clump_double, infiniplex_forest_clump_medium,
          infiniplex_forest_clump_curved, infiniplex_forest_lined_2,
          infiniplex_forest_clump_diagonal, infiniplex_forest_clump_cross,
          infiniplex_forest_side_room, infiniplex_forest_clump_cross,
          minmay_cupped
D:5:      layout_rooms, marbit_many_paths, gammafunk_temple_overflow_elements,
          minmay_misc_feat_rows, amcnicky_mini_pool_small, chequers_mini_garden,
          nicolae_wooded_promenade, uniq_grinder, uniq_pikel
D:6:      layout_loops_cross, minmay_temple_entry_nine_rooms

Skill      XL: |  1  2  3  4  5  6  7 |
---------------+----------------------+-----
Axes           | 3 4 5 6 |  6.8
Dodging        | 2 |  2.7
Stealth        | 1 |  1.3
Armour         | 2 3 5 |  5.3
Fighting       | 4 |  4.7
Shields        | 1 |  1.9
Throwing       | 1 |  1.5
Unarmed Combat | |  0.6

Action                   |  1- 3 |  4- 6 |  7- 9 || total
-------------------------+-------+-------+-------++-------
Melee: Hand axe          |   115 |   181 |       ||   296
       Punch             |     2 |     2 |       ||     4
       Unarmed           |    16 |       |       ||    16
       Tailslap          |       |    12 |    11 ||    23
       War axe           |       |    21 |    67 ||    88
Throw: Boomerang         |       |       |     9 ||     9
Invok: Berserk           |     1 |     3 |     1 ||     5
  Use: Scroll            |       |     8 |       ||     8
       Potion            |       |     1 |     2 ||     3
 Stab: Sleeping          |     3 |       |       ||     3
Armor: Animal skin       |    20 |       |       ||    20
       Ring mail         |    10 |    27 |       ||    37
       Plate armour      |       |    60 |    42 ||   102
Dodge: Dodged            |   113 |   141 |    27 ||   281
Block: Other             |       |    16 |    17 ||    33
       Reflection        |       |     1 |       ||     1

Table legend: (Time is in decaauts)
 A = Elapsed time spent in this place.
 B = Non-inter-level travel time spent in this place.
 C = Inter-level travel time spent in this place.
 D = Time resting spent in this place.
 E = Time spent auto-exploring this place.
 F = Levels seen in this place.
 G = Mean time per level.
                   A        B        C        D        E       F      G
               +--------+--------+--------+--------+--------+-----+--------+
         Total |   6019 |   6019 |      0 |   1002 |      0 |   7 |  859.9 |
       Dungeon |   5756 |   5756 |      0 |    926 |      0 |   6 |  959.3 |
         Sewer |    263 |    263 |      0 |     76 |      0 |   1 |  263.0 |
               +--------+--------+--------+--------+--------+-----+--------+

Top non-repeatable levels by time:
     D:2: 1302 daAuts
     D:1: 1174 daAuts
     D:3: 1158 daAuts
     D:4: 1157 daAuts
     D:5: 923 daAuts
   Sewer: 263 daAuts
     D:6: 41 daAuts
